General information
- name: BNet
- type: Ladder team game (AT/RT)
- host: Battle.net
- saver: Shadow303
map: Battleground
- players: 8
- length: 19:40
- speed: Fast
- version: 1.26 W3XP
- replay type: Public
» download(130 KB)
Players
team 1 (loser)
DaDaNkGaNk (
green | 58 APM | 1146 actions | 19:40)
3 Mountain King
2 Storm Bolt
1 Bash
2 Paladin
1 Holy Light
1 Devotion Aura
» actions
| Assign group hotkey | 36 | |
| Basic commands | 12 | |
| Build / train | 52 | |
| Enter build submenu | 25 | |
| Enter hero's abilities submenu | 5 | |
| Remove unit from queue | 4 | |
| Right click | 446 | |
| Select / deselect | 238 | |
| Select group hotkey | 262 | |
| Use ability | 66 | |
1146 total
» units
| Peasant | 8 | |
| Rifleman | 5 | |
| Footman | 2 | |
| Forest Troll Shadow Priest | 1 | |
| Mortar Team | 3 | |
| Knight | 4 | |
| Siege Engine | 4 | |
27 total
» upgrades
| Gunpowder | 1 | |
| Masonry | 1 | |
| Barrage | 1 | |
3 total
» buildings
| Altar of Kings | 1 | |
| Farm | 12 | |
| Blacksmith | 1 | |
| Barracks | 1 | |
| Scout Tower | 4 | |
| Lumber Mill | 2 | |
| Arcane Tower | 1 | |
| Keep | 1 | |
| Arcane Vault | 1 | |
| Guard Tower | 2 | |
| Workshop | 2 | |
| Castle | 1 | |
29 total
» build order
00:10 Altar of Kings
00:16 Farm
01:11 Blacksmith
01:16 Barracks
01:40 Farm
01:48 Scout Tower
02:02 Farm
02:48 Lumber Mill
02:51 Lumber Mill
03:19 Arcane Tower
04:17 Scout Tower
04:54 Arcane Tower
05:23 Keep
05:28 Farm
05:55 Farm
06:32 Scout Tower
06:35 Scout Tower
07:00 Arcane Vault
07:09 Guard Tower
07:29 Farm
07:46 Guard Tower
07:55 Workshop
07:59 Workshop
10:01 Castle
11:45 Farm
11:49 Farm
15:08 Farm
18:16 Farm
18:18 Farm
18:21 Farm
» items
| Scroll of Regeneration | 3 | |
| Scroll of Town Portal | 2 | |
| Lesser Clarity Potion | 1 | |
6 total

»
Shadow303 (
red | 70 APM | 1369 actions | 19:40)
3 Keeper of the Grove
2 Entangling Roots
1 Thorns Aura
» actions
| Assign group hotkey | 7 | |
| Basic commands | 59 | |
| Build / train | 77 | |
| ESC pressed | 6 | |
| Enter build submenu | 19 | |
| Enter hero's abilities submenu | 3 | |
| Give item / drop item | 14 | |
| Right click | 827 | |
| Select / deselect | 278 | |
| Select group hotkey | 10 | |
| Use ability | 69 | |
1369 total
» units
| Wisp | 22 | |
| Archer | 14 | |
| Hippogryph | 4 | |
| Druid of the Talon | 4 | |
| Chimaera | 2 | |
46 total
» upgrades
| Strength of the Moon | 2 | |
| Ultravision | 2 | |
| Moon Armor | 2 | |
| Improved Bows | 1 | |
| Nature's Blessing | 1 | |
| Hippogryph Taming | 3 | |
| Druid of the Talon Training | 1 | |
| Strength of the Wild | 1 | |
| Reinforced Hides | 1 | |
| Well Spring | 1 | |
15 total
» buildings
| Moon Well | 4 | |
| Altar of Elders | 1 | |
| Ancient of War | 2 | |
| Ancient of Wonders | 1 | |
| Hunter's Hall | 1 | |
| Tree of Ages | 1 | |
| Ancient Protector | 8 | |
| Ancient of Wind | 3 | |
21 total
» build order
00:11 Moon Well
00:15 Altar of Elders
00:17 Ancient of War
01:49 Moon Well
02:38 Moon Well
04:52 Ancient of War
05:07 Ancient of Wonders
05:11 Hunter's Hall
06:05 Tree of Ages
07:51 Moon Well
08:48 Ancient Protector
08:54 Ancient Protector
09:59 Ancient Protector
10:01 Ancient Protector
11:25 Ancient Protector
11:31 Ancient Protector
11:40 Ancient Protector
11:51 Ancient Protector
12:38 Ancient of Wind
12:53 Ancient of Wind
17:59 Ancient of Wind
» items
| Scroll of Town Portal | 6 | |
| Dust of Appearance | 3 | |
| Scroll of Regeneration | 1 | |
| Potion of Healing | 1 | |
11 total

»
bottle-up (
blue | 36 APM | 548 actions | 15:24)
5 Demon Hunter
2 Immolation
1 Mana Burn
2 Evasion
» actions
| Basic commands | 7 | |
| Build / train | 38 | |
| Enter build submenu | 16 | |
| Enter hero's abilities submenu | 4 | |
| Give item / drop item | 2 | |
| Right click | 339 | |
| Select / deselect | 109 | |
| Use ability | 33 | |
548 total
» units
| Wisp | 12 | |
| Hippogryph | 7 | |
| Chimaera | 3 | |
22 total
» upgrades
| Strength of the Wild | 2 | |
| Reinforced Hides | 2 | |
| Corrosive Breath | 1 | |
5 total
» buildings
| Moon Well | 7 | |
| Altar of Elders | 1 | |
| Hunter's Hall | 1 | |
| Ancient Protector | 2 | |
| Tree of Ages | 1 | |
| Tree of Eternity | 1 | |
| Ancient of Wind | 1 | |
| Chimaera Roost | 2 | |
| Ancient of Wonders | 1 | |
17 total
» build order
00:27 Moon Well
00:38 Altar of Elders
01:21 Hunter's Hall
01:40 Moon Well
02:25 Ancient Protector
02:31 Ancient Protector
03:08 Tree of Ages
03:42 Moon Well
04:40 Moon Well
05:29 Tree of Eternity
05:33 Ancient of Wind
05:42 Moon Well
07:38 Moon Well
07:56 Chimaera Roost
08:34 Chimaera Roost
11:33 Ancient of Wonders
13:13 Moon Well
» items
| Boots of Speed | 1 | |
| Staff of Teleportation | 1 | |
| Scroll of Town Portal | 1 | |
3 total

»
MattBoo (
teal | 48 APM | 819 actions | 17:10)
3 Dark Ranger
2 Black Arrow
1 Silence
1 Pandaren Brewmaster
1 Breath of Fire
» actions
| Assign group hotkey | 4 | |
| Build / train | 52 | |
| Enter build submenu | 14 | |
| Enter hero's abilities submenu | 4 | |
| Give item / drop item | 3 | |
| Remove unit from queue | 2 | |
| Right click | 410 | |
| Select / deselect | 174 | |
| Select group hotkey | 128 | |
| Use ability | 28 | |
819 total
» units
| Acolyte | 10 | |
| Ghoul | 5 | |
| Crypt Fiend | 10 | |
| Gargoyle | 5 | |
30 total
» upgrades
| Creature Attack | 1 | |
| Creature Carapace | 1 | |
| Burrow | 1 | |
| Web | 1 | |
4 total
» buildings
| Altar of Darkness | 1 | |
| Ziggurat | 5 | |
| Graveyard | 1 | |
| Crypt | 2 | |
| Spirit Tower | 5 | |
| Tomb of Relics | 1 | |
| Halls of the Dead | 1 | |
| Slaughterhouse | 2 | |
| Black Citadel | 1 | |
19 total
» build order
00:12 Altar of Darkness
00:17 Ziggurat
00:27 Graveyard
00:52 Crypt
01:31 Ziggurat
02:58 Ziggurat
04:20 Spirit Tower
04:25 Spirit Tower
04:57 Spirit Tower
05:26 Tomb of Relics
07:24 Ziggurat
08:04 Halls of the Dead
08:48 Spirit Tower
09:13 Crypt
11:40 Slaughterhouse
11:45 Black Citadel
11:50 Slaughterhouse
11:55 Ziggurat
16:44 Spirit Tower
» items
| Dust of Appearance | 1 | |
| Potion of Healing | 1 | |
| Scroll of Town Portal | 1 | |
3 total
team 2 (winner)
SunOfaBeach (
yellow | 93 APM | 1826 actions | 19:40)
4 Blademaster
2 Wind Walk
2 Critical Strike
4 Shadow Hunter
2 Healing Wave
2 Hex
3 Tauren Chieftain
1 War Stomp
2 Endurance Aura
» actions
| Assign group hotkey | 27 | |
| Basic commands | 1 | |
| Build / train | 62 | |
| Enter build submenu | 10 | |
| Enter hero's abilities submenu | 11 | |
| Give item / drop item | 5 | |
| Right click | 924 | |
| Select / deselect | 108 | |
| Select group hotkey | 570 | |
| Use ability | 108 | |
1826 total
» units
| Peon | 7 | |
| Shaman | 4 | |
| Troll Batrider | 3 | |
| Troll Witch Doctor | 1 | |
15 total
» upgrades
| Shaman Training | 2 | |
| Witch Doctor Training | 2 | |
4 total
» buildings
| Altar of Storms | 1 | |
| Orc Burrow | 4 | |
| Voodoo Lounge | 1 | |
| Stronghold | 1 | |
| Fortress | 1 | |
| Spirit Lodge | 1 | |
| Beastiary | 2 | |
11 total
» build order
00:06 Altar of Storms
00:10 Orc Burrow
01:02 Voodoo Lounge
02:38 Stronghold
03:00 Orc Burrow
05:47 Fortress
06:35 Spirit Lodge
12:19 Beastiary
12:20 Beastiary
12:23 Orc Burrow
14:48 Orc Burrow
» items
| Healing Salve | 3 | |
| Lesser Clarity Potion | 8 | |
| Periapt of Vitality | 4 | |
| Circlet of Nobility | 3 | |
| Boots of Speed | 3 | |
| Orb of Lightning | 2 | |
| Potion of Lesser Invulnerability | 1 | |
| Scroll of Town Portal | 1 | |
25 total

»
KillaManJahRo (
pink | 54 APM | 1071 actions | 19:40)
4 Blademaster
2 Wind Walk
2 Critical Strike
» actions
| Assign group hotkey | 30 | |
| Basic commands | 85 | |
| Build / train | 50 | |
| Enter build submenu | 21 | |
| Enter hero's abilities submenu | 4 | |
| Give item / drop item | 1 | |
| Remove unit from queue | 5 | |
| Right click | 425 | |
| Select / deselect | 238 | |
| Select group hotkey | 148 | |
| Use ability | 64 | |
1071 total
» units
| Peon | 15 | |
| Grunt | 4 | |
| Tauren | 4 | |
| Spirit Walker | 5 | |
28 total
» upgrades
| Armor | 1 | |
| Melee Weapons | 1 | |
| Spirit Walker Training | 2 | |
| Pulverize | 1 | |
5 total
» buildings
| Altar of Storms | 1 | |
| Orc Burrow | 7 | |
| Voodoo Lounge | 1 | |
| Barracks | 1 | |
| War Mill | 1 | |
| Watch Tower | 4 | |
| Stronghold | 1 | |
| Fortress | 1 | |
| Spirit Lodge | 3 | |
| Tauren Totem | 3 | |
| Great Hall | 1 | |
24 total
» build order
00:10 Altar of Storms
00:14 Orc Burrow
00:46 Voodoo Lounge
01:10 Orc Burrow
01:44 Barracks
02:11 War Mill
03:55 Watch Tower
03:57 Watch Tower
04:04 Watch Tower
05:17 Stronghold
05:20 Orc Burrow
06:11 Orc Burrow
07:13 Watch Tower
07:42 Fortress
07:48 Spirit Lodge
08:12 Orc Burrow
09:05 Spirit Lodge
10:06 Tauren Totem
10:08 Tauren Totem
10:27 Tauren Totem
10:36 Orc Burrow
11:53 Orc Burrow
13:04 Spirit Lodge
16:29 Great Hall
» items
| Healing Salve | 3 | |
| Lesser Clarity Potion | 2 | |
| Potion of Healing | 2 | |
| Scroll of Town Portal | 1 | |
| Orb of Lightning | 1 | |
9 total

»
Yeah13uddy (
purple | 34 APM | 677 actions | 19:40)
6 Blademaster
2 Wind Walk
3 Critical Strike
1 Bladestorm
» actions
| Build / train | 47 | |
| Enter build submenu | 19 | |
| Enter hero's abilities submenu | 6 | |
| Give item / drop item | 5 | |
| Right click | 358 | |
| Select / deselect | 190 | |
| Use ability | 52 | |
677 total
» units
| Peon | 10 | |
| Wind Rider | 7 | |
| Troll Batrider | 6 | |
23 total
» upgrades
| Ranged Weapons | 3 | |
| Armor | 2 | |
| Spiked Barricades | 1 | |
| Liquid Fire | 1 | |
| Reinforced Defenses | 1 | |
8 total
» buildings
| Orc Burrow | 5 | |
| Altar of Storms | 1 | |
| Voodoo Lounge | 1 | |
| Stronghold | 1 | |
| War Mill | 1 | |
| Beastiary | 2 | |
| Fortress | 1 | |
| Watch Tower | 7 | |
| Great Hall | 2 | |
21 total
» build order
00:11 Orc Burrow
00:22 Altar of Storms
00:49 Voodoo Lounge
02:15 Stronghold
04:17 War Mill
04:34 Orc Burrow
04:38 Beastiary
04:41 Beastiary
05:09 Orc Burrow
06:27 Orc Burrow
07:42 Orc Burrow
09:49 Fortress
12:19 Watch Tower
12:25 Watch Tower
13:18 Great Hall
14:21 Watch Tower
16:45 Watch Tower
16:52 Great Hall
17:31 Watch Tower
18:43 Watch Tower
18:46 Watch Tower
» items
| Healing Salve | 2 | |
| Lesser Clarity Potion | 1 | |
| Circlet of Nobility | 1 | |
| Boots of Speed | 1 | |
| Orb of Lightning | 1 | |
| Staff of Teleportation | 1 | |
7 total
itis (
orange | 39 APM | 760 actions | 19:40)
5 Blademaster
1 Wind Walk
3 Critical Strike
1 Mirror Image
4 Shadow Hunter
2 Healing Wave
2 Hex
» actions
| Build / train | 67 | |
| Enter build submenu | 16 | |
| Enter hero's abilities submenu | 9 | |
| Give item / drop item | 1 | |
| Right click | 364 | |
| Select / deselect | 242 | |
| Use ability | 61 | |
760 total
» units
| Peon | 14 | |
| Wind Rider | 18 | |
| Troll Batrider | 6 | |
38 total
» upgrades
| Spiked Barricades | 1 | |
| Ranged Weapons | 2 | |
| Envenomed Spears | 1 | |
| Liquid Fire | 1 | |
| Pillage | 1 | |
6 total
» buildings
| Orc Burrow | 5 | |
| War Mill | 1 | |
| Altar of Storms | 1 | |
| Voodoo Lounge | 1 | |
| Watch Tower | 6 | |
| Stronghold | 1 | |
| Beastiary | 2 | |
| Fortress | 1 | |
18 total
» build order
00:14 Orc Burrow
00:32 War Mill
00:50 Altar of Storms
01:09 Voodoo Lounge
02:03 Watch Tower
02:30 Watch Tower
03:10 Watch Tower
04:02 Stronghold
04:04 Orc Burrow
04:18 Watch Tower
05:09 Watch Tower
05:27 Orc Burrow
06:22 Watch Tower
06:26 Beastiary
06:28 Beastiary
06:39 Orc Burrow
07:34 Orc Burrow
10:53 Fortress
» items
| Healing Salve | 3 | |
| Lesser Clarity Potion | 3 | |
| Scroll of Town Portal | 3 | |
| Orb of Lightning | 1 | |
10 total
Chat log
(00:19 / Allies) DaDaNkGaNk: guns morts
(00:27 / Allies) Shadow303: glad im elf this time around
(00:33 / Allies) Shadow303: orcs is just terrible
(01:12 / Allies) Shadow303: archer/hipps for me
(01:32 / Allies) Shadow303: cc
(01:53 / Allies) MattBoo: fiends to worms
(01:57 / Allies) Shadow303: cool
(02:01 / Allies) Shadow303: but whose melee for us
(02:03 / Allies) Shadow303: ?
(02:13 / Allies) Shadow303: green get melee please
(03:03 / Allies) Shadow303: green
(03:05 / Allies) Shadow303: you hear me
(03:09 / Allies) Shadow303: foots to knights please
(03:17 / Allies) Shadow303: unless we want to lose
(03:47 / Allies) MattBoo: wow 4 orc
(03:51 / Allies) Shadow303: all tp NOW
(04:03 / Allies) DaDaNkGaNk: lmao
(04:18 / Allies) Shadow303: I'll make a wall block
(04:20 / Allies) Shadow303: with archers
(04:41 / Allies) MattBoo: they can walk right thru that lol
(05:31 / Allies) MattBoo: everyone get dust
(06:14 / Allies) MattBoo: no blue
(06:56 / Allies) Shadow303: creep jacked
(07:32 / Allies) Shadow303: mass melee
(07:32 / Allies) Shadow303: NOW
(09:49 / Allies) MattBoo: yellow gotta be going tauren
(10:04 / Allies) MattBoo: ill go melee
(10:09 / Allies) Shadow303: wood please
(10:10 / Allies) Shadow303: now
(10:59 / Allies) Shadow303: tp guys
(11:01 / Allies) Shadow303: help
(11:15 / Allies) DaDaNkGaNk: gold 4 tp
(11:20 / Allies) DaDaNkGaNk: nvm
(13:43 / Allies) Shadow303: go now
(13:46 / Allies) Shadow303: assist
(14:17 / Allies) MattBoo: dust
(14:50 / Allies) Shadow303: I'll get dust
(14:52 / Allies) Shadow303: brb asap
(15:10 / Allies) MattBoo: main it
(15:24 / Allies) Shadow303: against bms
(15:25 / Allies) Shadow303: I'll
(16:03 / Allies) Shadow303: thanks
(16:07 / All) Shadow303: thanks blue for leaving
(16:13 / All) Shadow303: think I should leave too
(17:05 / Allies) Shadow303: nothing I can do
(17:19 / All) Shadow303: you guys got us good
(18:44 / Allies) DaDaNkGaNk: go
(18:48 / Allies) Shadow303: sure
(18:50 / Allies) Shadow303: if you tp
(19:23 / Allies) Shadow303: blue played
(19:25 / Allies) Shadow303: like a noob too
(19:29 / Allies) Shadow303: too much wells
(19:32 / Allies) Shadow303: too much items